 Dungeon Crawl Stone Soup version 0.21-a0-344-g2144152 (webtiles) character file.

3 tin111 the Transmogrifier (level 1, 0/20 HPs)
             Began as a Gnoll Wanderer on Oct 4, 2017.
             Slain by a hobgoblin (2 damage)
             ... on level 1 of the Dungeon.
             The game lasted 00:00:52 (158 turns).

tin111 the Transmogrifier (Gnoll Wanderer)           Turns: 158, Time: 00:00:52

Health: 0/20       AC:  2    Str: 16    XL:     1   Next: 50%
Magic:  2/2        EV: 11    Int: 14    God:
Gold:   5          SH:  0    Dex: 12    Spells: 0/0 levels left

rFire    . . .     SeeInvis .   a - +2 spear
rCold    . . .     Gourm    .   (no shield)
rNeg     . . .     Faith    .   d - +0 robe
rPois    .         Spirit   .   (no helmet)
rElec    .         Reflect  .   (no cloak)
rCorr    .         Harm     .   (no gloves)
MR       .....                  (no boots)
Stlth    ++........             (no amulet)
HPRegen  0.06/turn              (no ring)
MPRegen  0.08/turn              (no ring)

@: no status effects
A: distributed training, fangs 1, strong nose
a: no special abilities


You were on level 1 of the Dungeon.
You were not hungry.

You visited 1 branch of the dungeon, and saw 1 of its levels.

You collected 5 gold pieces.

Inventory:

Hand Weapons
 a - a +2 spear (weapon)
 b - a +0 falchion
Armour
 d - a +0 robe (worn)
Jewellery
 i - an uncursed amulet of faith {unknown}
 j - an uncursed ring of flight {unknown}
Scrolls
 e - a scroll of fog {unknown}
 h - a scroll of fear {unknown}
 k - a scroll of remove curse {unknown}
Potions
 c - a potion of curing
Comestibles
 f - a bread ration
 g - a royal jelly


   Skills:
 + Level 4.4 Fighting
 + Level 0.0 Short Blades
 + Level 0.0 Long Blades
 + Level 0.0 Axes
 + Level 0.0 Maces & Flails
 + Level 2.3 Polearms
 + Level 0.0 Staves
 + Level 0.0 Slings
 + Level 0.0 Bows
 + Level 0.0 Crossbows
 + Level 0.0 Throwing
 + Level 0.0 Armour
 + Level 0.0 Dodging
 + Level 2.1 Stealth
 + Level 0.0 Shields
 + Level 0.0 Unarmed Combat
 + Level 0.0 Spellcasting
 + Level 0.0 Conjurations
 + Level 0.0 Hexes
 + Level 0.0 Charms
 + Level 2.3 Summonings
 + Level 0.0 Necromancy
 + Level 0.0 Translocations
 + Level 8.4 Transmutations
 + Level 0.0 Fire Magic
 + Level 0.0 Ice Magic
 + Level 0.0 Air Magic
 + Level 0.0 Earth Magic
 + Level 0.0 Poison Magic
 + Level 0.0 Invocations
 + Level 2.3 Evocations


You couldn't memorise any spells.
You didn't know any spells.

Dungeon Overview and Level Annotations

Branches:
Dungeon (1/15)

Altars:


Innate Abilities, Weirdness & Mutations

Your experience applies equally to all skills.
You have very sharp teeth.
Your uncanny sense of smell can sniff out nearby items.


Message History

The hobgoblin hits you. The hobgoblin hits you.
The hobgoblin barely misses you. The hobgoblin hits you.
The hobgoblin hits you. The hobgoblin hits you.
* * * LOW HITPOINT WARNING * * *
The hobgoblin completely misses you. The hobgoblin completely misses you.
The hobgoblin hits you.
* * * LOW HITPOINT WARNING * * *
The hobgoblin misses you. The hobgoblin completely misses you.
The hobgoblin barely misses you. The hobgoblin barely misses you.
The hobgoblin hits you.
* * * LOW HITPOINT WARNING * * *
The hobgoblin hits you but does no damage.
The hobgoblin hits you.
You die...

###.....#
........#
###....$.##
∆
..........#
..........#
..........#
........g.#
........@.#
#....#...#
### #...#
#...# #...#
#.### #.#
#.# #.#


You could see a hobgoblin.

Vanquished Creatures
  A bat (D:1)
  A kobold (D:1)
  A frilled lizard (D:1)
3 creatures vanquished.

Notes
Turn   | Place    | Note
-------+----------+-------------------------------------------
     0 | D:1      | tin111 the Gnoll Wanderer began the quest for the Orb.
     0 | D:1      | tin111 set off with: a +2 spear, a +0 falchion, a potion of curing, a +0 robe, a bread ration
     0 | D:1      | Reached XP level 1. HP: 20/20 MP: 2/2
   158 | D:1      | Slain by a hobgoblin

Vault maps used:
D:1:      elethiomel_arrival_infinity_welcomes_careful_drivers

Action                   || total
-------------------------++-------
Melee: Spear             ||     9
       Bite              ||     1
Armor: Robe              ||     3
Dodge: Dodged            ||    13

Table legend:
 A = Spawn XP
 B = Non-spawn XP
 C = Spawn XP percentage of total XP
 D = Spawn monster count
 E = Non-spawn monster count
 F = Spawn count percentage of total count
 G = Total turns spent on level
                    A         B        C        D         E        F      G
               +---------+---------+-------+---------+---------+-------+---------
         Total |       0 |       5 |   0.0 |       0 |       3 |   0.0 |   158
               +---------+---------+-------+---------+---------+-------+---------
           D:1 |       0 |       5 |   0.0 |       0 |       3 |   0.0 |   158
               +---------+---------+-------+---------+---------+-------+---------
